 Dungeon Crawl Stone Soup version 0.16.1-2-g95b8d4c (webtiles) character file.

40569 Tolias the Cruncher (level 14, -12/95 HPs)
             Began as an Octopode Arcane Marksman on Mar 24, 2015.
             Was an Elder of Zin.
             Mangled by a death yak (27 damage)
             ... on level 7 of the Lair of Beasts.
             The game lasted 01:24:10 (27570 turns).

Tolias the Cruncher (Octopode Arcane Marksman)     Turns: 27570, Time: 01:24:10

Health: -12/95     AC:  3    Str: 11    XL:     14   Next: 11%
Magic:  22/22      EV: 16    Int: 16    God:    Zin [****..]
Gold:   507        SH:  0    Dex: 15    Spells: 5 memorised, 4 levels left

rFire  + . .     SeeInvis .     a - +7 lajatang of Order {silver, rMut}
rCold  + . .     Clarity  .     (no shield)
rNeg   . . .     SustAb   .     s - +2 hat
rPois  .         Gourm    .     (no amulet)
rElec  .         Spirit   .     r - ring of wizardry
rCorr  .         Warding  .     G - ring of protection from magic
rMut   +         Rnd*Tele +     F - ring of protection from fire
MR     +++..                    S - +5 ring of slaying
Stlth  +++++.....               A - ring of protection from magic
                                Q - ring of teleport control
                                O - ring of protection from cold
                                f - ring of teleportation

@: about to teleport, extremely resistant to hostile enchantments, quite
stealthy
A: almost no armour, amphibious, 8 rings, constrict 8, camouflage 1, gelatinous
body 1
a: Recite, Vitalisation, Imprison, Renounce Religion, Evoke Teleportation, Evoke
Teleport Control


You were on level 7 of the Lair of Beasts.
You worshipped Zin.
Zin was greatly pleased with you.
You were hungry.

You visited 4 branches of the dungeon, and saw 20 of its levels.
You also visited: Labyrinth and Sewer.

You collected 1145 gold pieces.
You spent 524 gold pieces at shops.
You donated 114 gold pieces to Zin.

Inventory:

Hand weapons
 a - the +7 lajatang of Order (weapon) {silver, rMut}
   (You found it on level 7 of the Dungeon)

   It protects you from mutation.
 w - a +0 blowgun
Missiles
 l - 3 javelins of returning (quivered)
 n - a throwing net {=f}
 o - 30 poisoned needles
 K - 12 tomahawks
 T - 5 javelins
Armour
 s - a +2 hat (worn)
Jewellery
 f - a ring of teleportation (on tentacle)
 h - a +6 ring of dexterity
 r - a ring of wizardry (left tentacle)
 u - an uncursed ring of fire
 A - a ring of protection from magic (on tentacle)
 F - a ring of protection from fire (on tentacle)
 G - a ring of protection from magic (right tentacle)
 O - a ring of protection from cold (on tentacle)
 Q - a ring of teleport control (on tentacle)
 S - a +5 ring of slaying (on tentacle)
Magical devices
 b - a wand of lightning (7)
 g - a wand of magic darts (38)
 B - a wand of teleportation (3)
 L - a wand of flame (29)
 P - a wand of frost (24)
 R - a wand of fireball (0)
 Y - a wand of confusion (27)
Scrolls
 c - a scroll of recharging
 k - 3 scrolls of enchant weapon
 m - 15 scrolls of remove curse
 v - 3 scrolls of magic mapping
 y - 2 scrolls of fog
 E - 2 scrolls of fear
 I - 6 scrolls of enchant armour
 J - 3 scrolls of teleportation
Potions
 e - a potion of berserk rage
 i - a potion of magic
 j - 7 potions of curing
 p - 7 potions of brilliance
 q - 5 potions of restore abilities
 x - 5 potions of might
 C - 4 potions of agility
 M - a potion of haste
 W - 4 potions of heal wounds
 Z - a potion of cancellation
Miscellaneous
 d - an ornate deck of changes {Dowsing}
 z - a lamp of fire (inert)
 H - a plain deck of wonders {Placid Magic}
Comestibles
 t - 2 slices of pizza
 D - 24 fruits
 N - 8 meat rations
 U - 8 bread rations


   Skills:
 + Level 8.8 Fighting
   Level 6.0 Short Blades
 + Level 12.0 Staves
   Level 2.2 Crossbows
 - Level 8.1 Throwing
 - Level 6.4 Dodging
 - Level 6.3 Stealth
 - Level 2.7 Spellcasting
 - Level 7.7 Hexes
 - Level 6.0 Charms
 - Level 8.6 Ice Magic
 - Level 5.0 Invocations
 - Level 4.1 Evocations


You had 4 spell levels left.
You knew the following spells:

 Your Spells              Type           Power        Failure   Level  Hunger
a - Corona                Hex            ####...      1%          1    #......
c - Ozocubu's Armour      Chrm/Ice       ####....     1%          3    ###....
e - Slow                  Hex            ####....     1%          2    ##.....
t - Enslavement           Hex            ####....     4%          4    #####..
x - Condensation Shield   Ice            ####......   3%          4    #####..


Dungeon Overview and Level Annotations

Branches:
Dungeon (10/15)            Temple (1/1) D:6            Lair (8/8) D:9
  Swamp (0/5) Lair:4        Snake (0/5) Lair:3        Slime (0/6) Lair:6
    Orc (1/4) D:10

Altars:
Ashenzari
Cheibriados
Dithmenos
Elyvilon
Fedhas
Gozag
Kikubaaqudgha
Makhleb
Nemelex Xobeh
Okawaru
Qazlal
Ru
Trog
Vehumet
Yredelemnul
Zin
The Shining One
Beogh
Lugonu

Shops:
D:8 :   D:10 !

Annotations:
D:2 1 exclusion
D:3 ketsa's ghost, average HOAK
D:4 1 exclusion
Lair:6 exclusion: 2 oklob plants


Innate Abilities, Weirdness & Mutations

You cannot wear most types of armour.
You are amphibious.
You can wear up to eight rings at the same time.
You can use your tentacles to constrict many enemies at once.
Your skin changes colour to match your surroundings (Stealth).
Your rubbery body absorbs attacks (AC +1).


Message History

Use which ability? (? or * to list)
You fail to use your ability.
Your icy armour starts to melt.
The death yak gores you!!
* * * LOW HITPOINT WARNING * * *
Your icy armour evaporates.
A water moccasin comes into view.
Read which item? (? for menu, Esc to quit)
Okay, then.
Unknown command.
The death yak gores you.
* * * LOW HITPOINT WARNING * * *
Drink which item? (? for menu, Esc to quit)
You feel much better.
Read which item? (? for menu, Esc to quit)
As you read the scroll of teleportation, it crumbles to dust.
You feel strangely unstable. The death yak gores you!!
* * * LOW HITPOINT WARNING * * *
The death yak gores you!!
You die...

###.##### ##.........# ##P....
#....# ######..........###......
#....####.P.#...P................
#....#.##........#.#...#..#P.....
......####.....######............
#P...........PP..# #..#.#........
#...............########..#......
##......#....S.Y...#......#.....†
#.........#....Y@..#.#....###.#..
#......P##...........#...P# #####
....PPP............Y......# #
...#P..####............#### ###
P.####P# #.............# #.# .P#
### #............## ###.# P.###
##.....>....#.# #...P ....#
##..........## ##PP.. ....###
#.........### #.[...


You could see 3 death yaks and a water moccasin (wandering).

Vanquished Creatures
  A minotaur (Lab)
  Josephine (D:10)
  3 hydras
  4 death yaks (Lair:7)
  A fire crab (Lair:7)
  Pikel (D:9)
  A lindwurm (Lair:6)
  13 elephants (Lair:7)
  Joseph (D:7)
  2 torpor snails (Lair:3)
  3 black mambas
  8 komodo dragons
  8 spiny frogs
  2 fire drakes (Lair:4)
  A two-headed ogre (D:10)
  2 polar bears
  A troll (D:9)
  10 blink frogs
  4 basilisks
  5 orc warriors
  A deep elf mage (D:9)
  A hog (D:9)
  27 yaks
  4 wraiths (D:10)
  2 nagas (Lair:3)
  10 hippogriffs
  A steam dragon (Lair:7)
  A warg (Orc:1)
  A hungry ghost (D:8)
  10 wolves
  7 porcupines
  A necrophage (D:7)
  4 sky beasts
  7 ice beasts
  A wasp (D:10)
  A swamp drake (Lair:4)
  14 water moccasins
  3 slaves (D:9)
  2 phantoms
  3 black bears (D:9)
  A boring beetle (Lair:7)
  2 centaurs
  Sigmund (D:4)
  4 ogres
  8 crocodiles
  4 big kobolds
  Blork the orc (D:6)
  A gnoll sergeant (D:8)
  17 giant frogs
  3 scorpions
  6 jellies
  3 killer bees (D:10)
  A wight (D:10)
  A goliath beetle (D:6)
  A centaur zombie (D:5)
  2 crimson imps
  7 orc priests
  A giant frog zombie (D:9)
  An electric eel (Lair:5)
  3 centaur skeletons (D:7)
  5 hounds
  14 iguanas
  6 orc wizards
  8 worker ants
  27 sheep
  A hound zombie (D:8)
  A mummy (D:9)
  2 worker ant zombies
  12 gnolls
  61 river rats
  23 adders
  3 giant mites (D:3)
  4 shadow imps
  An adder skeleton (D:6)
  4 giant geckos
  2 oozes
  46 orcs
  18 hobgoblins
  9 jackals
  10 quokkas
  6 ball pythons (Sewer)
  11 bats
  4 giant cockroaches
  8 giant newts
  A giant spore (D:6)
  10 goblins
  A jackal skeleton (D:5)
  34 kobolds
  A kobold skeleton (D:10)
  4 kobold zombies (D:10)
  A quokka skeleton (D:4)
  33 rats
  2 ballistomycetes (D:6)
  2 plants
616 creatures vanquished.

Vanquished Creatures (collateral kills)
  A human (D:9)
  3 yaks
  An ice beast (Lair:3)
  An orc priest (D:8)
  A hound (D:8)
  A quasit (D:8)
  2 sheep (D:9)
  A gnoll (D:7)
  An adder (D:9)
  2 orcs
14 creatures vanquished.

Vanquished Creatures (others)
  A komodo dragon (Lair:3)
  5 yaks
  A fire elemental (Lair:7)
  An ice beast (Lair:3)
  A slave (D:9)
  An ogre (D:8)
  A crocodile (Lair:3)
  A jelly (D:8)
  An orc (D:10)
  8 fungi
  3 plants
24 creatures vanquished.

Grand Total: 654 creatures vanquished

Notes
Turn   | Place    | Note
--------------------------------------------------------------
     0 | D:1      | Tolias, the Octopode Arcane Marksman, began the quest for the Orb.
     0 | D:1      | Reached XP level 1. HP: 13/13 MP: 2/2
   326 | D:1      | Reached XP level 2. HP: 18/18 MP: 3/3
   866 | D:2      | Reached skill level 1 in Short Blades
   947 | D:2      | Found a radiant altar of Vehumet.
   964 | D:2      | Reached XP level 3. HP: 20/23 MP: 4/4
  1334 | D:2      | Reached XP level 4. HP: 13/28 MP: 6/6
  1877 | D:3      | Noticed ketsa's ghost (average HOAK)
  2147 | D:3      | Reached XP level 5. HP: 33/33 MP: 7/7
  2183 | D:3      | Found a burning altar of Makhleb.
  2189 | D:3      | Reached skill level 4 in Short Blades
  2244 | D:3      | Found a glowing drain.
  2252 | D:3      | Reached skill level 1 in Stealth
  2260 | Sewer    | Entered a sewer
  2622 | Sewer    | Reached XP level 6. HP: 38/38 MP: 8/8
  2631 | Sewer    | Reached skill level 5 in Stealth
  2965 | D:3      | Reached skill level 6 in Stealth
  3482 | D:4      | Found a shattered altar of Ashenzari.
  3604 | D:4      | Noticed Sigmund
  3608 | D:4      | Killed Sigmund
  3608 | D:4      | Reached XP level 7. HP: 43/43 MP: 10/10
  4261 | D:4      | Reached skill level 5 in Short Blades
  4603 | D:4      | Found a sparkling altar of Nemelex Xobeh.
  4677 | D:5      | Entered Level 5 of the Dungeon
  5104 | D:5      | Reached skill level 1 in Evocations
  5119 | D:5      | Found a burning altar of Makhleb.
  5600 | D:5      | Reached XP level 8. HP: 48/48 MP: 11/11
  5705 | D:5      | Found a blossoming altar of Fedhas.
  5705 | D:5      | Found an ancient bone altar of Kikubaaqudgha.
  6082 | D:6      | Noticed Blork the orc
  6097 | D:6      | Killed Blork the orc
  6139 | D:6      | Found a staircase to the Ecumenical Temple.
  6171 | D:6      | Found an iron altar of Okawaru.
  6430 | Temple   | Entered the Ecumenical Temple
  6470 | Temple   | Became a worshipper of Zin the Law-Giver
  6470 | Temple   | Acquired Zin's first power
  6977 | D:6      | Found a basalt altar of Yredelemnul.
  6987 | D:6      | Reached skill level 5 in Dodging
  7154 | D:5      | Learned a level 2 spell: Slow
  7159 | D:5      | Learned a level 4 spell: Enslavement
  7350 | D:7      | Noticed Joseph
  7404 | D:7      | Killed Joseph
  7404 | D:7      | Reached XP level 9. HP: 19/53 MP: 15/15
  7638 | D:7      | Acquired Zin's second power
  7997 | D:7      | Reached skill level 7 in Hexes
  9742 | D:7      | Was placed under penance by Zin
  9884 | D:8      | Found a shadowy altar of Dithmenos.
  9967 | D:8      | Reached skill level 5 in Staves
 10191 | D:8      | Found Enoem's Book Boutique.
 10352 | D:9      | Was forgiven by Zin
 10360 | D:9      | Reached skill level 1 in Throwing
 10559 | D:9      | Noticed Pikel
 10559 | D:9      | Reached XP level 10. HP: 59/59 MP: 16/16
 10630 | D:9      | Found a staircase to the Lair.
 11356 | D:9      | Found a bloodstained altar of Trog.
 11861 | D:9      | Killed Pikel
 11873 | D:10     | Entered Level 10 of the Dungeon
 12137 | D:10     | Noticed Josephine
 12267 | D:10     | Reached skill level 8 in Staves
 12315 | D:10     | Found Kliubu's Distillery.
 12322 | D:10     | Bought a potion of curing for 39 gold pieces
 12322 | D:10     | Bought a potion of berserk rage for 65 gold pieces
 12329 | D:10     | Found a staircase to the Orcish Mines.
 12339 | D:10     | Reached skill level 1 in Invocations
 12742 | D:10     | Found a roughly hewn altar of Beogh.
 12913 | D:10     | HP: 3/63 [wraith[Josephine] (1)]
 12913 | D:10     | Zin protects you from harm!
 13131 | D:10     | Reached skill level 5 in Throwing
 13627 | D:10     | Reached XP level 11. HP: 59/67 MP: 16/18
 13643 | D:10     | HP: 3/100 [Josephine/dagger of electrocution (20)]
 13644 | D:10     | HP: 1/100 [iguana (2)]
 13645 | D:10     | Killed Josephine
 13645 | D:10     | Reached skill level 5 in Invocations
 14618 | Orc:1    | Entered Level 1 of the Orcish Mines
 14979 | Orc:1    | Acquired Zin's third power
 15147 | D:8      | Bought a book of Frost for 420 gold pieces
 15151 | D:8      | Learned a level 3 spell: Ozocubu's Armour
 15241 | D:9      | Reached skill level 1 in Ice Magic
 15314 | Lair:1   | Entered Level 1 of the Lair of Beasts
 15711 | Lair:1   | Learned a level 4 spell: Condensation Shield
 16230 | Lair:2   | Reached skill level 1 in Charms
 17871 | Lair:3   | Reached skill level 5 in Ice Magic
 18049 | Lair:3   | Found a staircase to the Snake Pit.
 18621 | Lair:3   | Reached skill level 9 in Staves
 18872 | Lair:3   | Reached XP level 12. HP: 74/74 MP: 20/20
 19352 | Lair:4   | Noticed a four-headed hydra
 19415 | Lair:4   | Noticed a six-headed hydra
 19415 | Lair:4   | Reached skill level 10 in Staves
 20120 | Lair:4   | Noticed a five-headed hydra
 20323 | Lair:4   | Found a staircase to the Swamp.
 20347 | Lair:4   | Reached skill level 5 in Fighting
 21971 | Lair:4   | Noticed a seven-headed hydra
 22000 | Lair:4   | Killed a seven-headed hydra
 22063 | Lair:4   | Killed a four-headed hydra
 22220 | Lair:5   | Reached XP level 13. HP: 43/81 MP: 21/21
 22876 | Lair:6   | Reached skill level 5 in Charms
 23617 | Lair:6   | Found a staircase to the Slime Pits.
 24545 | Lair:7   | Found a labyrinth entrance.
 24609 | Lab      | Entered a labyrinth
 24742 | Lab      | Noticed a minotaur
 24750 | Lab      | Killed a minotaur
 25589 | Lair:7   | Reached skill level 11 in Staves
 26151 | Lair:8   | Entered Level 8 of the Lair of Beasts
 26164 | Lair:8   | Acquired Zin's fourth power
 27016 | Lair:7   | Reached XP level 14. HP: 64/94 MP: 15/22
 27143 | Lair:7   | Reached skill level 12 in Staves
 27570 | Lair:7   | Mangled by a death yak

Action                   |  1- 3 |  4- 6 |  7- 9 | 10-12 | 13-15 || total
-------------------------+-------+-------+-------+-------+-------++-------
Melee: Short sword       |    24 |   200 |   366 |       |       ||   590
       Unarmed           |       |       |     2 |       |       ||     2
       Lajatang          |       |       |    61 |   516 |   335 ||   912
 Fire: Hand crossbow     |    39 |       |       |       |       ||    39
       Blowgun           |       |       |       |    72 |    89 ||   161
Throw: Tomahawk          |       |       |    10 |    42 |       ||    52
       Throwing net      |       |       |     1 |       |       ||     1
       Javelin           |       |       |       |    29 |    56 ||    85
 Cast: Corona            |     1 |       |       |       |       ||     1
       Enslavement       |       |       |    10 |    36 |       ||    46
       Ozocubu's Armour  |       |       |       |    39 |    27 ||    66
       Slow              |       |       |       |    12 |     1 ||    13
       Condensation Shie |       |       |       |     9 |    28 ||    37
Invok: Vitalisation      |       |       |       |     8 |       ||     8
       Recite            |       |       |       |     4 |       ||     4
 Abil: Evoke Teleportati |       |       |       |     6 |     6 ||    12
       Evoke Flight      |       |       |       |     1 |       ||     1
Evoke: Wand              |       |       |    36 |     6 |    12 ||    54
       Lamp of fire      |       |       |       |       |     1 ||     1
  Use: Scroll            |     4 |     8 |     9 |    14 |     6 ||    41
       Potion            |       |     1 |    11 |     2 |     3 ||    17
 Stab: Sleeping          |     1 |    15 |    24 |    25 |    12 ||    77
       Betrayed ally     |       |       |     1 |       |       ||     1
       Distracted        |       |       |       |     6 |     4 ||    10
       Confused          |       |       |       |     1 |     4 ||     5
  Eat: Bread ration      |     1 |       |     1 |     1 |       ||     3
       Chunk             |     1 |     5 |    13 |    27 |    20 ||    66
       Meat ration       |       |     1 |       |       |       ||     1
       Fruit             |       |       |     5 |     2 |       ||     7
       Pizza             |       |       |     1 |     7 |     4 ||    12
       Beef jerky        |       |       |     1 |     6 |       ||     7
       Royal jelly       |       |       |       |       |     1 ||     1
